AoeStats
← ggeatom

Arena

509932568Analyzed
1v1 RM · 3d ago on Sep 28, 2026· 29m 8s· 2 players
Game mode
Random Map
Map size
Tiny (2 player)
Population
200
Speed
Normal
Resources
Standard
Victory
Conquest
Starting age
Dark Age
Ending age
Imperial Age
RankedLock teamsTeams togetherTeam positionsShared explorationLock speedFull tech treeHidden civsTurbo modeCheats
Victory
Defeat
🇨🇱 Saracens · Chile
1247
+16
🇲🇽 Slavs · Mexico
1242
-16
ggeatom
10:18 Feudal Age
10:40 Feudal Age
14:31 Castle Age
12:18 Double-Bit Axe
12:48 Horse Collar
22:09 Loom
23:00 Wheelbarrow
22:11 Town Watch
25:33 Bow Saw
27:22 Hand Cart
29:38 Imperial Age
27:17 Fletching
27:27 Padded Archer Armor
27:54 Pikeman
28:35 Squires
28:01 Crossbowman
luciano.collari
10:31 Feudal Age
14:11 Castle Age
13:13 Double-Bit Axe
13:11 Horse Collar
14:38 Loom
19:58 Gold Mining
26:26 Imperial Age
24:30 Bow Saw
26:22 Scale Barding Armor
Connection lost

Rejoining the realm…

Still unreachable

The connection could not be restored.

Session expired

The server has moved on; the page needs a fresh start.